 Dungeon Crawl Stone Soup version 0.32-a0-913-g739538afd8 (webtiles) character file.

Game seed: 3120826483151120962

3709 tilp the Jinx (level 9, 0/68 HPs)
             Began as a Vampire Enchanter on Apr 8, 2024.
             Was a Follower of Wu Jian.
             Slain by Amaemon
             ... wielding a -2 demon whip of venom
              (10 damage)
             ... on level 8 of the Dungeon.
             The game lasted 00:13:41 (7779 turns).

tilp the Jinx (Vampire Enchanter)                   Turns: 7779, Time: 00:13:41

Health: 0/68       AC:  8    Str: 13    XL:     9   Next: 91%
Magic:  10/15      EV: 13    Int: 28    God:    Wu Jian [*.....]
Gold:   266        SH:  4    Dex: 16    Spells: 5/16 levels left

rFire   . . .        a - +3 dagger (freeze)
rCold   . . .        G - +0 buckler
rNeg    . . .        x - +2 robe {Will+}
rPois   .            t - +1 helmet
rElec   .            C - +0 cloak
rCorr   .            (no gloves)
SInv    +            v - +0 pair of boots
Will    +....        (no amulet)
Stlth   ++++         g - ring of protection from cold
HPRegen 0.51/turn    e - ring of the Conjuring Fool {rC- Str+6 Int+6 Dex+2 SInv}
MPRegen 0.14/turn

%: no passive effects
@: healing quickly, slowed, very slow
A: alive, fangs 3, see invisible, vampiric 2
a: Exsanguinate, Renounce Religion


You were on level 8 of the Dungeon.
You worshipped Wu Jian.
Wu Jian was aware of your devotion.
You visited 2 branches of the dungeon, and saw 9 of its levels.

You collected 484 gold pieces.
You spent 218 gold pieces at shops.

Inventory:

Hand Weapons
 a - a +3 dagger of freezing (weapon)
 b - a +0 scimitar
Missiles
 l - 12 boomerangs
 r - 2 poisoned darts (quivered)
Armour
 t - a +1 helmet (worn)
 v - a +0 pair of boots (worn)
 x - a +2 robe of willpower (worn)
 C - a +0 cloak (worn)
 G - a +0 buckler (worn)
Jewellery
 d - a ring of fire
 e - the ring of the Conjuring Fool (right hand) {rC- Str+6 Int+6 Dex+2 SInv}
   (You bought it in a shop on level 2 of the Dungeon)

   [ring of intelligence]

   Str+6:     It affects your strength (+6).
   Int+6:     It affects your intelligence (+6).
   Dex+2:     It affects your dexterity (+2).
   rC-:       It makes you vulnerable to cold.
   SInv:      It lets you see invisible.
 g - a ring of protection from cold (left hand)
 E - a ring of ice
Wands
 i - a wand of flame (26)
 n - a wand of paralysis (20)
 p - a wand of mindburst (17)
 w - a wand of digging (5)
 A - a wand of warping (23)
Scrolls
 o - 2 scrolls of identify
 s - a scroll of amnesia
 y - 2 scrolls of teleportation
 B - a scroll of fog
 D - a scroll of blinking
 F - a scroll of revelation
Potions
 c - 3 potions of invisibility
 f - 2 potions of curing
 h - 3 potions of heal wounds
 j - a potion of might
 k - a potion of lignification
 m - 3 potions of haste
 q - a potion of attraction
 u - 3 potions of mutation
 z - 2 potions of brilliance


   Skills:
 * Level 5.3 Fighting
 - Level 3.1(5.2) Short Blades
 * Level 5.8(6.2) Long Blades
 + Level 3.4 Armour
 + Level 5.1 Dodging
 + Level 8.0 Stealth
 + Level 0.2 Shields
 + Level 4.4 Spellcasting
 * Level 9.4 Hexes
 + Level 2.8 Evocations


You had 5 spell levels left.
You knew the following spells:

 Your Spells              Type           Power      Damage    Failure   Level
a - Ensorcelled Hibernat  Hex/Ice        64%        N/A       2%          2
b - Confusing Touch       Hex            56%        N/A       1%          3
c - Tukima's Dance        Hex            56%        N/A       1%          3
d - Dazzling Flash        Conj/Hex       64%        N/A       4%          3

Your spell library contained the following spells:

 Spells                   Type           Power      Damage    Failure   Level
 Sigil of Binding         Hex            56%        N/A       1%          3
 Apportation              Tloc           12%        N/A       10%         1
 Necrotise                Necr           24%        1d5       10%         1
 Sting                    Conj/Alch      24%        1d4       10%         1
 Summon Small Mammal      Summ           24%        N/A       10%         1
 Call Imp                 Summ           12%        N/A       16%         2
 Cigotuvi's Dreadful Rot  Necr/Alch/Air  12%        N/A       16%         2
 Sublimation of Blood     Necr           6%         N/A       16%         2
 Volatile Blastmotes      Fire/Tloc      12%        2d11      30%         3
 Dispel Undead            Necr           6%         3d8       69%         4
 Fulminant Prism          Conj/Alch      3%         3d5       69%         4
 Iskenderun's Mystic Bla Conj/Tloc 6%             2d4        (+2d1     69%         4
 Martyr's Knell           Necr/Summ      6%         N/A       69%         4
 Summon Blazeheart Golem  Fire/Summ      6%         N/A       69%         4
 Death Channel            Necr           3%         N/A       100%        6
 Sculpt Simulacrum        Ice/Alch       3%         N/A       100%        6
 Orb of Destruction       Conj           3%         9d5       100%        7
 Spellforged Servitor     Conj/Summ      3%         N/A       100%        7
 Summon Hydra             Summ           3%         N/A       100%        7


Dungeon Overview and Level Annotations

Branches:
Dungeon (8/15)             Temple (1/1) D:6
   Lair: D:8-11

Altars:
Ashenzari
Cheibriados
Dithmenos
Fedhas
Gozag
Hepliaklqana
Kikubaaqudgha
Makhleb
Nemelex Xobeh
Okawaru
Qazlal
Ru
Sif Muna
Trog
Uskayaw
Vehumet
Wu Jian
Xom

Shops:
D:1 :   D:2 *   D:4 (   D:5 !

Annotations:
D:5 1 runed translucent door, Autsider's ghost, novice OnHW
D:6 1 runed translucent door, DEFE's ghost, novice CoFi
D:8 Amaemon; Psyche


Innate Abilities, Weirdness & Mutations

Your natural rate of healing is accelerated.
You have razor-sharp teeth.
You have supernaturally acute eyesight. (SInv)
You are afflicted with vampirism and can become a bat while bloodless.


Message History

You freeze the orc priest.
You kill the orc priest!
The Council accepts your kill. The orange demon stings you from afar.
You are poisoned.
You have difficulty breathing.
You feel yourself slow down.
You feel extremely sick. The orange demon stings you from afar!
Casting: Ensorcelled Hibernation (safe; 2% risk of failure)
Confirm with . or Enter, or press ? or * to list all spells.
Aiming: Ensorcelled Hibernation (safe; 2% risk of failure)
Press: ? - help, Shift-Dir - straight line, f - Amaemon
Aim: Amaemon, wielding a -2 demon whip of venom (chance to affect: 27%) Amaemon easily resists.
You feel extremely sick. The orange demon stings you from afar!
* * * LOW HITPOINT WARNING * * *
Amaemon hits you with a -2 demon whip of venom.
* * * LOW HITPOINT WARNING * * *
Amaemon claws you but does no damage. Amaemon tail-slaps you.
* * * LOW HITPOINT WARNING * * *
The orange demon stings you but does no damage.
Casting: Ensorcelled Hibernation (safe; 2% risk of failure)
Confirm with . or Enter, or press ? or * to list all spells.
Aiming: Ensorcelled Hibernation (safe; 2% risk of failure)
Press: ? - help, Shift-Dir - straight line, f/p - Amaemon
Aim: Amaemon, wielding a -2 demon whip of venom (chance to affect: 27%) Amaemon easily resists.
You feel very sick.
Amaemon gestures wildly while chanting.
The orange demon closely misses you.
Amaemon hits you with a -2 demon whip of venom!
* * * LOW HITPOINT WARNING * * *
You are lethally poisoned!
Amaemon claws you.
* * * LOW HITPOINT WARNING * * *
Amaemon barely misses you.
You feel better. The orange demon closely misses you.
Amaemon hits you with a -2 demon whip of venom!
You die...

#..####<.##..#
##.....# ...
#..###.#####.###.#
## #..# #..##..##
### #..#
##.....###### .
##.# ##.###......#
..## #.# #..#
##...### ...#
#.###.## #.###
....##..#s.# ##.#
#....#@.####..#
#..46#....#..#
#.s######....#
........#
##......#
......... #.....##
..........
...#.#.#
..#........
..###.### #
#......o....# .#
#..........# .#


You could see Amaemon, an orange demon (curare) and 2 scorpions.

Vanquished Creatures
  Pikel (D:6)
  Jeremiah (D:7)
  Sigmund (D:5)
  A wyvern (D:5)
  Eustachio (D:4)
  Edmund (D:4)
  Menkaure (D:6)
  A water moccasin (D:7)
  Duvessa (D:7)
  2 ice beasts (D:6)
  3 sky beasts
  A centaur (D:5)
  2 ogres
  3 lemures (D:6)
  A phantom (D:3)
  A gnoll sergeant (D:7)
  3 scorpions
  Dowan (D:7)
  A howler monkey (D:6)
  2 hounds (D:5)
  4 orc priests
  A jelly (D:5)
  Crazy Yiuf (D:6)
  A sleepcap (D:5)
  6 iguanas
  5 orc wizards
  Robin (D:4)
  5 gnolls
  9 adders
  A shadow imp (D:7)
  A dart slug (D:2)
  3 ribbon worms
  19 orcs
  7 ball pythons
  4 endoplasms
  A giant cockroach (D:2)
  12 hobgoblins
  5 jackals
  7 quokkas
  3 bats
  3 frilled lizards
  15 goblins
  4 kobolds
  26 rats
173 creatures vanquished.

Vanquished Creatures (collateral kills)
  2 orc warriors
  2 orcs (D:8)
4 creatures vanquished.

Vanquished Creatures (others)
  A dancing weapon (D:8)
1 creature vanquished.

Grand Total: 178 creatures vanquished

Notes
Turn   | Place    | Note
-------+----------+-------------------------------------------
     0 | D:1      | tilp the Vampire Enchanter began the quest for the Orb.
     0 | D:1      | Reached XP level 1. HP: 13/13 MP: 3/3
   239 | D:1      | Reached XP level 2. HP: 19/19 MP: 5/5
   248 | D:1      | Learned a level 2 spell: Ensorcelled Hibernation
   462 | D:1      | Found Byodao Dumi's Book Boutique.
   752 | D:2      | Reached skill level 1 in Fighting
   785 | D:2      | Gained mutation: You are afflicted with vampirism and can
                  | become a bat while bloodless. [Vampire growth]
   785 | D:2      | Reached XP level 3. HP: 26/26 MP: 6/6
   787 | D:2      | Reached skill level 1 in Long Blades
   791 | D:2      | Learned a level 3 spell: Confusing Touch
  1073 | D:2      | Found Papsa's Assorted Antiques.
  1104 | D:2      | Bought an amethyst potion for 25 gold pieces
  1104 | D:2      | Bought a scroll labelled POEJES LUTOLU for 28 gold pieces
  1104 | D:2      | Bought a bubbling purple potion for 25 gold pieces
  1110 | D:2      | Reached XP level 4. HP: 32/32 MP: 7/7
  1526 | D:3      | Reached skill level 5 in Stealth
  1797 | D:3      | Found a sparkling altar of Nemelex Xobeh.
  1836 | D:3      | Noticed a scorpion
  1843 | D:3      | Killed a scorpion
  1844 | D:3      | Reached skill level 5 in Hexes
  1844 | D:3      | Reached XP level 5. HP: 38/38 MP: 5/8
  1873 | D:3      | Identified the +0 spear "Ashraf" {elec, rElec Str+3}
  2144 | D:3      | Found a faded altar of an unknown god.
  2199 | D:4      | Noticed Edmund
  2201 | D:4      | Noticed a phantom
  2236 | D:3      | Killed a phantom
  2237 | D:3      | Reached skill level 1 in Armour
  2295 | D:4      | Found Yloolueg's Weapon Boutique.
  2295 | D:4      | Noticed a +0 rapier
  2295 | D:4      | Noticed a +0 great mace
  2306 | D:4      | Reached XP level 6. HP: 44/44 MP: 6/9
  2365 | D:4      | Killed Edmund
  2371 | D:4      | Learned a level 3 spell: Tukima's Dance
  2501 | D:4      | Noticed Robin
  2530 | D:4      | Killed Robin
  2714 | D:2      | Bought a translucent ivory ring for 140 gold pieces
  2714 | D:2      | Identified the ring of the Conjuring Fool {rC- Str+6 Int+6
                  | Dex+2 SInv} (You bought it in a shop on level 2 of the
                  | Dungeon)
  3062 | D:4      | Noticed Eustachio
  3079 | D:4      | Killed Eustachio
  3080 | D:4      | Reached skill level 6 in Hexes
  3080 | D:4      | Reached XP level 7. HP: 35/51 MP: 2/11
  3663 | D:5      | Entered Level 5 of the Dungeon
  3967 | D:5      | Noticed a wyvern
  3970 | D:5      | Killed a wyvern
  4110 | D:5      | Found an ancient bone altar of Kikubaaqudgha.
  4118 | D:5      | Noticed Sigmund
  4144 | D:5      | Killed Sigmund
  4145 | D:5      | Reached skill level 7 in Hexes
  4145 | D:5      | Reached skill level 1 in Evocations
  4145 | D:5      | Reached XP level 8. HP: 48/58 MP: 0/12
  4412 | D:5      | Found a runed translucent door.
  4412 | D:5      | Noticed Autsider's ghost (novice OnHW)
  4417 | D:5      | Found Imparuc's Distillery.
  4422 | D:5      | Found a blossoming altar of Fedhas.
  4864 | D:6      | Found a staircase to the Ecumenical Temple.
  4945 | Temple   | Entered the Ecumenical Temple
  4949 | Temple   | Became a worshipper of the Wu Jian Council
  5139 | D:6      | Noticed Pikel
  5174 | D:6      | Killed Pikel
  5175 | D:6      | Reached skill level 8 in Hexes
  5352 | D:6      | Reached XP level 9. HP: 66/66 MP: 11/14
  5670 | D:6      | Noticed Menkaure
  5672 | D:6      | Killed Menkaure
  5681 | D:6      | Found a runed translucent door.
  5683 | D:6      | Noticed DEFE's ghost (novice CoFi)
  5685 | D:6      | Noticed a troll
  5765 | D:6      | Found a runed translucent door.
  5766 | D:6      | Noticed Crazy Yiuf
  5907 | D:6      | Killed Crazy Yiuf
  5973 | D:6      | Reached skill level 5 in Long Blades
  6031 | D:7      | Noticed Duvessa
  6031 | D:7      | Noticed Dowan
  6286 | D:7      | Killed Duvessa
  6291 | D:7      | Killed Dowan
  6684 | D:7      | Reached skill level 5 in Fighting
  6684 | D:7      | Reached skill level 9 in Hexes
  6719 | D:7      | Reached * piety under Wu Jian
  6996 | D:7      | Noticed Jeremiah
  7003 | D:7      | Killed Jeremiah
  7004 | D:7      | Reached skill level 5 in Dodging
  7447 | D:8      | Learned a level 3 spell: Dazzling Flash
  7628 | D:8      | Noticed Psyche
  7762 | D:8      | Noticed Amaemon
  7764 | D:8      | Noticed an orange demon
  7779 | D:8      | Slain by Amaemon

Illustrated notes

Levels and vault maps discovered:
D:1:      tekkud_arrival_beachfront_property, layout_basic, serial_shops, shop,
          chequers_garden
D:2:      layout_rooms, serial_shops, shop, minmay_hexomino_c4
D:3:      layout_rooms, nemelex_dance_club_becter,
          shapermc_ecumenical_altar_petra, serial_curves, eino_curves_01,
          eino_curves_04, eino_curves_02, ebering_dispersal_statue_hall
D:4:      layout_loops_cross, serial_shops, nicolae_shop_mannequins,
          minmay_rat_hole, uniq_edmund, uniq_eustachio, uniq_robin
D:5:      nicolae_cairo_tiling, layout_basic, kiku_gazebo_garden_becter,
          fedhas_altar_2, gammafunk_ghost_grave, serial_shops, shop,
          minmay_door_square, hangedman_decor_riveting, uniq_sigmund
D:6:      layout_basic, temple_statues, ebering_ghost_inner_flame,
          uniq_menkaure, uniq_pikel, uniq_crazy_yiuf_cottage
D:7:      layout_cave_pools, moated_statue, uniq_jeremiah, uniq_duvessa
D:8:      layout_layer_cave, lair_entry_dummy, uniq_amaemon, uniq_psyche
Temple:   nicolae_temple_bog_church

Skill      XL: |  1  2  3  4  5  6  7  8  9 |
---------------+----------------------------+-----
Fighting       | 1 2 3 4 5 |  5.3
Long Blades    | 1 2 3 4 5 |  5.8
Stealth        | 5 6 7 8 |  8.0
Short Blades   | 2 3 |  3.1
Hexes          | 5 6 7 8 9 |  9.4
Armour         | 1 2 3 |  3.4
Dodging        | 3 4 5 |  5.1
Spellcasting   | 3 4 |  4.4
Evocations     | 1 2 |  2.8
Shields        | |  0.2

Action                     |  1- 3 |  4- 6 |  7- 9 || total
---------------------------+-------+-------+-------++-------
  Melee: Dagger            |   131 |   175 |   235 ||   541
         Bite              |    15 |    23 |    21 ||    59
   Cast: Ensorcelled Hiber |    10 |    22 |    72 ||   104
         Confusing Touch   |       |     3 |     9 ||    12
         Tukima's Dance    |       |       |     8 ||     8
Ability: Lunge             |       |       |    12 ||    12
         Whirlwind         |       |       |     5 ||     5
    Use: Scroll            |     3 |     9 |     9 ||    21
         Potion            |       |       |     1 ||     1
   Stab: Sleeping          |    10 |    17 |    45 ||    72
         Confused          |       |     2 |     5 ||     7
 Armour: Robe              |    73 |    93 |   120 ||   286
  Dodge: Dodged            |    86 |   113 |   146 ||   345
  Block: Buckler           |       |       |     7 ||     7

Table legend: (Time is in decaauts)
 A = Elapsed time spent in this place.
 B = Non-inter-level travel time spent in this place.
 C = Inter-level travel time spent in this place.
 D = Time resting spent in this place.
 E = Time spent auto-exploring this place.
 F = Levels seen in this place.
 G = Mean time per level.
                   A        B        C        D        E       F      G
               +--------+--------+--------+--------+--------+-----+--------+
         Total |   7716 |   7037 |    679 |    517 |   4931 |   9 |  857.3 |
       Dungeon |   7707 |   7032 |    675 |    517 |   4931 |   8 |  963.4 |
        Temple |      8 |      4 |      4 |      0 |      0 |   1 |    8.0 |
               +--------+--------+--------+--------+--------+-----+--------+

Top non-repeatable levels by time:
     D:6: 1526 daAuts
     D:5: 1232 daAuts
     D:4: 1203 daAuts
     D:7: 956 daAuts
     D:3: 951 daAuts
     D:1: 759 daAuts
     D:2: 711 daAuts
     D:8: 365 daAuts
  Temple: 8 daAuts
